 Dungeon Crawl Stone Soup version 0.28.0 (webtiles) character file.

Game seed: 15272609531270552248

4 Kaptain the Digger (level 1, 14/14 HPs)
             Began as a Ghoul Earth Elementalist on Feb 18, 2022.
             Safely got out of the dungeon.
             The game lasted 00:01:02 (189 turns).

Kaptain the Digger (Ghoul Earth Elementalist)        Turns: 189, Time: 00:01:03

Health: 14/14      AC:  2    Str: 11    XL:     1   Next: 70%
Magic:  2/2        EV: 12    Int: 10    God:
Gold:   0          SH:  0    Dex:  9    Spells: 2/3 levels left

rFire   . . .      SeeInvis .   a - +0 short sword
rCold   + . .      Faith    .   (no shield)
rNeg    + + +      Spirit   .   b - +0 robe
rPois   ∞          Reflect  .   (no helmet)
rElec   .          Harm     .   (no cloak)
rCorr   .          Rampage  .   (no gloves)
Will    .....                   (no boots)
Stlth   ++........              (no amulet)
HPRegen 0.04/turn               (no ring)
MPRegen 0.08/turn               (no ring)

@: no status effects
A: claws 1, cold resistance 1, negative energy resistance 3, inhibited
regeneration, torment resistance 2
a: no special abilities


You escaped.
You visited 1 branch of the dungeon, and saw 1 of its levels.

Inventory:

Hand Weapons
 a - a +0 short sword (weapon)
Missiles
 c - 31 stones
Armour
 b - a +0 robe (worn)
Potions
 d - a potion of might {unknown}


   Skills:
 + Level 0.0 Fighting
 + Level 0.0 Armour
 + Level 1.8 Dodging
 + Level 2.3 Stealth
 * Level 1.8 Spellcasting
 - Level 1.0 Transmutations
 * Level 3.3 Earth Magic


You had 2 spell levels left.
You knew the following spells:

 Your Spells              Type           Power      Damage    Failure   Level
a - Sandblast             Erth           14%        2d6       8%          1

Your spell library contained the following spells:

 Spells                   Type           Power      Damage    Failure   Level
 Passwall                 Tmut/Erth      4%         N/A       21%         2
 Stone Arrow              Conj/Erth      8%         3d7       43%         3
 Petrify                  Tmut/Erth      5%         N/A       78%         4


Dungeon Overview and Level Annotations

Branches:
Dungeon (1/15)

Altars:


Innate Abilities, Weirdness & Mutations

You thrive by killing the living.
You are immune to poison.
You have sharp fingernails.
Your flesh is cold resistant. (rC+)
You are immune to negative energy. (rN+++)
You do not regenerate when monsters are visible.
You are immune to unholy pain and torment.


Message History

You start resting.
Magic restored.
c - 32 stones (gained 5)
Things that are here:
a +0 dagger; a kobold corpse A kobold comes into view.
It is wielding a +0 short sword.
Casting: Sandblast (safe; 9% risk of failure)
Confirm with . or Enter, or press ? or * to list all spells.
Aiming: Sandblast (safe; 9% risk of failure)
Press: ? - help, Shift-Dir - straight line, f - kobold
Aim: a kobold, wielding a +0 short sword and quivering stones (asleep, 100% to hit)
The blast of sand hits the kobold.
You kill the kobold!
Unknown command.
Unknown command.
Unknown command.
You start resting.
Magic restored.
Found a cyan potion.
c - 32 stones (gained 1)
Things that are here:
a +0 short sword; a kobold corpse A goblin comes into view.
It is wielding a +0 club.
The goblin shouts!
Casting: Sandblast (safe; 9% risk of failure)
Confirm with . or Enter, or press ? or * to list all spells.
Aiming: Sandblast (safe; 9% risk of failure)
Press: ? - help, Shift-Dir - straight line, f - goblin
Aim: a goblin, wielding a +0 club (72% to hit)
The blast of sand hits the goblin.
You kill the goblin!
d - a cyan potion You start resting.
Magic restored.
Things that are here:
a +0 short sword; a kobold corpse
There is an open door here.
There is a staircase leading out of the dungeon here.
Are you sure you want to leave the Dungeon?
This will make you lose the game!
You have escaped!

. #.#.### #. .....
#.#####.####
#........... ###
###.###.#### #.#
###.## #.#
##'####..#####.####
+...'..####.)......
#.@.#### ####.##..
+...+ #####' ##+##
#≈≈≈≈≈# #....≈#
#....≈ #....≈
+###### #.#.. #.###


There were no monsters in sight!

Vanquished Creatures
  A goblin (D:1)
  A hobgoblin (D:1)
  3 kobolds (D:1)
5 creatures vanquished.

Notes
Turn   | Place    | Note
-------+----------+-------------------------------------------
     0 | D:1      | Kaptain the Ghoul Earth Elementalist began the quest for
                  | the Orb.
     0 | D:1      | Reached XP level 1. HP: 14/14 MP: 2/2
    44 | D:1      | Reached skill level 1 in Transmutations
   189 | D:$      | Safely got out of the dungeon.

Illustrated notes

Levels and vault maps discovered:
D:1:      dpeg_arrival_radiant, layout_loops_ring,
          chequers_serial_rivers_room_a, minmay_cut_off

Skill      XL: |  1 |
---------------+----+-----
Transmutations | 1 |  1.0
Dodging        | |  1.8
Stealth        | |  2.3
Spellcasting   | |  1.8
Earth Magic    | |  3.3

Action                   || total
-------------------------++-------
Melee: Short sword       ||     4
 Cast: Sandblast         ||     5
Dodge: Dodged            ||     3
